AoeStats
← Indemonkable

Arabia

506556538Analyzed
1v1 RM · 19d ago on Sep 14, 2026· 43m 53s· 2 players
Game mode
Random Map
Map size
Tiny (2 player)
Population
200
Speed
Normal
Resources
Standard
Victory
Conquest
Starting age
Dark Age
Ending age
Imperial Age
RankedLock teamsTeams togetherTeam positionsShared explorationLock speedFull tech treeHidden civsTurbo modeCheats
Victory
Defeat
🇭🇰 Byzantines · Hong Kong SAR China
1150
+16
🇺🇸 Persians · United States
1157
-16
MOON
7:58 Loom
10:20 Feudal Age
11:01 Double-Bit Axe
17:01 Fletching
19:23 Forging
19:13 Scale Mail Armor
20:41 Horse Collar
22:56 Wheelbarrow
26:47 Castle Age
24:51 Gold Mining
25:57 Scale Barding Armor
26:44 Stone Mining
28:10 Squires
28:38 Guard Tower
28:45 Bodkin Arrow
29:10 Husbandry
29:52 Bow Saw
32:08 Hand Cart
32:48 Heavy Plow
33:25 Gold Shaft Mining
33:56 Ballistics
36:07 Stone Shaft Mining
37:01 Iron Casting
39:48 Imperial Age
40:28 Chain Barding Armor
42:18 Chemistry
41:54 Keep
41:11 Heavy Camel Rider
42:47 Crop Rotation
43:18 Two-Man Saw
42:46 Pikeman
43:20 Arrowslits
44:37 Plate Barding Armor
Indemonkable
8:52 Loom
11:50 Feudal Age
17:46 Castle Age
16:54 Bloodlines
18:13 Scale Barding Armor
19:13 Forging
23:35 Chain Barding Armor
29:06 Fletching
29:17 Double-Bit Axe
29:50 Horse Collar
31:20 Wheelbarrow
31:20 Husbandry
32:18 Heavy Plow
33:16 Padded Archer Armor
33:36 Bow Saw
33:56 Light Cavalry
34:38 Gold Mining
35:44 Elite Skirmisher
37:05 Bodkin Arrow
38:29 Iron Casting
46:00 Imperial Age
Connection lost

Rejoining the realm…

Still unreachable

The connection could not be restored.

Session expired

The server has moved on; the page needs a fresh start.